 Dungeon Crawl Stone Soup version 0.24.0-13-gcf9b319 (webtiles) character file.

Game seed: 10998475376750622220, levelgen mode: deterministic

654445 trudenn the Conqueror (level 27, -1/199 HPs)
             Began as a Gargoyle Fighter on Dec 13, 2019.
             Was the Champion of Okawaru.
             Slain by an Orb Guardian (34 damage)
             ... on level 5 of the Realm of Zot on Dec 24, 2019.
             The game lasted 07:36:00 (84099 turns).

trudenn the Conqueror (Gargoyle Fighter)           Turns: 84099, Time: 07:36:01

Health: -1/199     AC: 55    Str: 31      XL:     27
Magic:  0/34       EV: 21    Int: 10 (15) God:    Okawaru [******]
Gold:   3631       SH:  2    Dex: 14      Spells: 26/26 levels left

rFire    + . .     SeeInvis +   A - +11 lajatang of Chaos {slice, +Rage rC+ Stlth+}
rCold    + + +     Gourm    .   (shield currently unavailable)
rNeg     + + +     Faith    .   c - +7 gold dragon scales
rPois    ∞         Spirit   +   K - +2 hat of the Bear Spirit {Spirit, +Rage rN+ MR++}
rElec    +         Reflect  +   R - scarf {Spirit}
rCorr    .         Harm     .   p - +1 pair of gloves {Dex+3}
MR       ++++.                  H - +0 pair of boots of Zisik {rC+ Int+4}
Stlth    ..........             J - amulet of Fajuotwi {Reflect Fragile Dex+6 SH+2}
HPRegen  0.43/turn              l - ring of see invisible
MPRegen  0.24/turn              o - ring "Odghopsy" {rPois rC+ rN++ Slay+4}

@: about to teleport, heroism, finesse, hasted, very quick
A: big wings, blink, blurry vision 1, clumsy 2, deformed body, deterioration 1,
negative energy resistance 1, electricity resistance, unbreathing, petrification
resistance, rot immunity, sturdy frame 1, AC +20
}: 3/15 runes: decaying, silver, gossamer
a: Fly, Blink, Heroism, Finesse, Renounce Religion, Evoke Berserk Rage


You were on level 5 of the Realm of Zot.
You worshipped Okawaru.
Okawaru was exalted by your worship.
You were not hungry.

You visited 9 branches of the dungeon, and saw 49 of its levels.
You visited the Abyss 1 time.
You also visited: Trove, Gauntlet and Ice Cave.

You collected 6399 gold pieces.
You spent 2768 gold pieces at shops.

Inventory:

Hand Weapons
 q - a +5 lajatang of speed
 A - the +11 lajatang of Chaos (weapon) {slice, +Rage rC+ Stlth+}
   (You took it off a crimson imp on level 1 of the Depths)

   It inflicts extra damage upon your enemies.
   It protects you from cold.
   It lets you go berserk.
   It makes you more stealthy.
 D - the +11 quarterstaff "Paposesi" {elec, rC+}
   (Okawaru gifted it to you in an ice cave)

   Occasionally, upon striking a foe, it will discharge some electrical energy
   and cause terrible harm.
   It protects you from cold.
Armour
 a - a +8 crystal plate armour
 c - +7 gold dragon scales (worn)
 p - a +1 pair of gloves of dexterity (worn)
 v - the +2 pair of gloves "Naeruth" {*Corrode rF+ rC++}
   (Okawaru gifted it to you in a Gauntlet)

   It protects you from fire.
   It greatly protects you from cold.
   It may corrode you when you take damage.
 H - the +0 pair of boots of Zisik (worn) {rC+ Int+4}
   (Okawaru gifted it to you on level 2 of the Depths)

   It affects your intelligence (+4).
   It protects you from cold.
 K - the +2 hat of the Bear Spirit (worn) {Spirit, +Rage rN+ MR++}
   (You bought it in a shop on level 1 of the Elven Halls)

   It protects you from negative energy.
   It affects your resistance to hostile enchantments.
   It lets you go berserk.
 L - a +2 plate armour of fire resistance
 R - a scarf of spirit shield (worn)
 Z - the +4 shield of Gezurul {rC+ MR+}
   (You found it in an ice cave)

   It protects you from cold.
   It affects your resistance to hostile enchantments.
Jewellery
 e - an uncursed ring of protection from magic
 l - a ring of see invisible (left hand)
 o - the ring "Odghopsy" (right hand) {rPois rC+ rN++ Slay+4}
   (You found it on level 3 of the Elven Halls)

   [ring of slaying]

   It affects your accuracy and damage with ranged weapons and melee attacks
   (+4).
   It protects you from cold.
   It protects you from poison.
   It greatly protects you from negative energy.
 r - an uncursed ring of resist corrosion
 J - the amulet of Fajuotwi (around neck) {Reflect Fragile Dex+6 SH+2}
   (You found it on level 4 of the Swamp)

   [amulet of reflection]

   It shields you and reflects attacks.
   It affects your dexterity (+6).
   It will be destroyed if unequipped.
   It affects your SH (+2).
 S - an uncursed ring of protection from magic
 Y - an uncursed ring of protection from cold
Wands
 b - a wand of acid (56)
 t - a wand of paralysis (33)
 z - a wand of digging (1)
 F - a wand of disintegration (36)
 G - a wand of iceblast (47)
 W - a wand of flame (109)
 X - a wand of polymorph (33)
Scrolls
 g - 15 scrolls of teleportation
 i - 34 scrolls of identify
 j - 13 scrolls of remove curse
 m - 4 scrolls of enchant weapon
 n - 3 scrolls of acquirement
 w - 4 scrolls of blinking
 y - 4 scrolls of magic mapping
 B - 6 scrolls of fear
 C - 7 scrolls of fog
 E - 7 scrolls of noise
 M - 5 scrolls of silence
 O - 2 scrolls of summoning
 P - a scroll of brand weapon
 Q - 4 scrolls of amnesia
 U - a scroll of holy word
Potions
 d - 6 potions of might
 h - 2 potions of invisibility
 k - 2 potions of haste
 s - 4 potions of brilliance
 u - 3 potions of resistance
 x - 14 potions of agility
 I - 4 potions of curing
 N - a potion of heal wounds
 V - 9 potions of ambrosia
Miscellaneous
 T - 2 phantom mirrors
Comestibles
 f - 14 rations


   Skills:
 O Level 27 Fighting
   Level 6.0(11.1) Axes
   Level 2.0(17.0) Maces & Flails
 - Level 16.5(21.5) Staves
 O Level 27 Armour
 + Level 19.0(24.0) Dodging
 - Level 3.0(8.0) Stealth
 - Level 3.2(8.2) Shields
 - Level 15.0 Invocations
 - Level 14.4 Evocations


You had 26 spell levels left.
You didn't know any spells.
Your spell library contained the following spells:

 Spells                   Type           Power        Failure   Level  Hunger
 Animate Skeleton         Necr           N/A          82%         1    ##.....
 Confusing Touch          Hex            #.....       82%         1    ##.....
 Corona                   Hex            #......      82%         1    ##.....
 Flame Tongue             Conj/Fire      #....        82%         1    ##.....
 Freeze                   Ice            #...         82%         1    ##.....
 Pain                     Necr           #...         82%         1    ##.....
 Sandblast                Erth           #.....       82%         1    ##.....
 Shock                    Conj/Air       #...         82%         1    ##.....
 Summon Butterflies       Summ           #.......     82%         1    ##.....
 Blink                    Tloc           N/A          91%         2    ###....
 Corpse Rot               Necr           N/A          91%         2    ###....
 Ensorcelled Hibernation  Hex/Ice        #.....       91%         2    ###....
 Passwall                 Tmut/Erth      #.......     91%         2    ###....
 Shroud of Golubria       Chrm/Tloc      #.....       91%         2    ###....
 Slow                     Hex            #.......     91%         2    ###....
 Swiftness                Chrm/Air       #.......     91%         2    ###....
 Throw Flame              Conj/Fire      #.....       91%         2    ###....
 Throw Frost              Conj/Ice       #.....       91%         2    ###....
 Call Canine Familiar     Summ           #.......     99%         3    ####...
 Confuse                  Hex            #.......     99%         3    ####...
 Conjure Flame            Conj/Fire      #.......     99%         3    ####...
 Dazzling Spray           Conj/Hex       #.....       99%         3    ####...
 Gell's Gravitas          Tloc           #.........   99%         3    ####...
 Ignite Poison            Fire/Tmut/Pois #.......     99%         3    ####...
 Inner Flame              Hex/Fire       #.......     99%         3    ####...
 Lesser Beckoning         Tloc           #.........   99%         3    ####...
 Ozocubu's Armour         Chrm/Ice       #.......     99%         3    ####...
 Portal Projectile        Hex/Tloc       #.....       99%         3    ####...
 Regeneration             Chrm/Necr      #.........   99%         3    ####...
 Spider Form              Tmut/Pois      #.........   99%         3    ####...
 Static Discharge         Conj/Air       #.......     99%         3    ####...
 Stone Arrow              Conj/Erth      #.....       99%         3    ####...
 Teleport Other           Tloc           #.......     99%         3    ####...
 Tukima's Dance           Hex            #.......     99%         3    ####...
 Vampiric Draining        Necr           #.........   99%         3    ####...
 Animate Dead             Necr           N/A          100%        4    #####..
 Cause Fear               Hex            #.........   100%        4    #####..
 Ice Form                 Ice/Tmut       #.......     100%        4    #####..
 Leda's Liquefaction      Hex/Erth       #.........   100%        4    #####..
 Passage of Golubria      Tloc           N/A          100%        4    #####..
 Petrify                  Tmut/Erth      #.......     100%        4    #####..
 Sticky Flame             Conj/Fire      #.......     100%        4    #####..
 Summon Ice Beast         Ice/Summ       #.......     100%        4    #####..
 Summon Lightning Spire   Summ/Air       #.......     100%        4    #####..
 Throw Icicle             Conj/Ice       #.......     100%        4    #####..
 Alistair's Intoxication  Tmut/Pois      #.......     100%        5    ######.
 Bolt of Draining         Conj/Necr      #.........   100%        5    ######.
 Borgnjor's Vile Clutch   Necr/Erth      #.........   100%        5    ######.
 Dispel Undead            Necr           #.......     100%        5    ######.
 Fireball                 Conj/Fire      #.........   100%        5    ######.
 Lee's Rapid Deconstruct  Erth           #.........   100%        5    ######.
 Lightning Bolt           Conj/Air       #.........   100%        5    ######.
 Metabolic Englaciation   Hex/Ice        #.........   100%        5    ######.
 Silence                  Hex/Air        #.........   100%        5    ######.
 Summon Mana Viper        Hex/Summ       #.......     100%        5    ######.
 Yara's Violent Unravell  Hex/Tmut       #.........   100%        5    ######.
 Bolt of Cold             Conj/Ice       #.........   100%        6    #######
 Conjure Ball Lightning   Conj/Air       #.........   100%        6    #######
 Darkness                 Hex            #.........   100%        6    #######
 Death Channel            Necr           #.........   100%        6    #######
 Deflect Missiles         Chrm/Air       #.........   100%        6    #######
 Freezing Cloud           Conj/Ice/Air   #.........   100%        6    #######
 Ozocubu's Refrigeration  Ice            #.........   100%        6    #######
 Poison Arrow             Conj/Pois      #.........   100%        6    #######
 Shadow Creatures         Summ           N/A          100%        6    #######
 Simulacrum               Ice/Necr       #.........   100%        6    #######
 Spellforged Servitor     Conj/Summ      #.........   100%        7    #######
 Summon Hydra             Summ           #.........   100%        7    #######
 Chain Lightning          Conj/Air       #.........   100%        8    #######
 Discord                  Hex            #.........   100%        8    #######
 Ignition                 Fire           #.........   100%        8    #######
 Lehudib's Crystal Spear  Conj/Erth      #.........   100%        8    #######
 Fire Storm               Conj/Fire      #.........   100%        9    #######
 Glaciate                 Conj/Ice       #.........   100%        9    #######
 Shatter                  Erth           #.........   100%        9    #######
 Tornado                  Air            #.........   100%        9    #######
 Statue Form              Tmut/Erth      Unusable     N/A         6    N/A

Dungeon Overview and Level Annotations

Branches:
Dungeon (15/15)            Temple (0/1) D:4            Lair (6/6) D:10
  Swamp (4/4) Lair:4       Spider (4/4) Lair:3        Slime (0/5) Lair:6
    Orc (2/2) D:10            Elf (3/3) Orc:2        Vaults (5/5) D:13
  Crypt (0/3) Vaults:2     Depths (5/5) D:15            Zot (5/5) Depths:5
  IceCv (visited)         Gauntlet (visited)

Altars:
Ashenzari
Cheibriados
Dithmenos
Fedhas
Nemelex Xobeh
Okawaru
Ru
Sif Muna
Trog
Wu Jian
Xom
Yredelemnul
The Shining One
Beogh
Jiyva

Shops:
D:7 =   D:9 *   D:11 *   D:14 }   D:15 =   Orc:2 (([*=   Elf:1 [   Depths:1 !

Portals:
Hell: Depths:1 Depths:2 Depths:3 Depths:4 Depths:5
Abyss: Depths:1 Depths:4 Depths:5
Pandemonium: Depths:3
Ziggurat: Depths:4

Annotations:
D:6 1 runed translucent door, Crazy Yiuf
D:15 Roxanne
Lair:3 exclusion: oklob plant
Lair:4 exclusion: 2 oklob plants
Depths:1 exclusion: obsidian statue
Zot:5 3 runed translucent doors, 2FriedEggs's ghost, legendary NaFi; Badplus017's ghost, legendary MiBe; Paroid's ghost, master MfMo; Spacechess's ghost, legendary DsMo


Innate Abilities, Weirdness & Mutations

You are resistant to torment.
Your stone body is resilient. (AC +20)
You are immune to poison.
Your large and strong wings let you fly indefinitely.
You resist negative energy. (rN+)
You are resistant to electric shocks. (rElec)
You can survive without breathing.
You are immune to petrification.
You are immune to rotting.
You can translocate small distances at will.
Scrolls take you a little longer to read.
You are very clumsy. (Dex -4)
Armour fits poorly on your strangely shaped body.
Your body sometimes deteriorates upon taking damage.
Your movements are slightly less encumbered by armour. (ER -2)


Message History

You hear a shout!
You hear a deafening roar!
You hear a shout!
You feel yourself speed up.
The electric golem crackles and sizzles.
The electric golem blinks!
The quicksilver dragon bites you but does no damage.
The quicksilver dragon claws you but does no damage.
The Orb Guardian hits you!
* * * LOW HITPOINT WARNING * * *
The Orb Guardian closely misses you.
The shadow dragon bites you but does no damage.
The shadow dragon completely misses you.
The shadow dragon claws you but does no damage.
The quicksilver dragon bites you but does no damage.
The quicksilver dragon closely misses you.
You completely miss the orb of fire. The Orb Guardian hits you!
* * * LOW HITPOINT WARNING * * *
The Orb Guardian hits you!
* * * LOW HITPOINT WARNING * * *
You feel much better. The Orb Guardian hits you!!
You die...

▓▓▓▓▓▓▓
▓▓▓▓.......
▓▓▓..........
▓▓............
▓..D^.........
▓XXD*.........
▓XX@Dz..8..§..
▓X***X........
...yDXy%.....^..
^..X▓.X.........§.
... ▓...........8.
.. ▓.............
▓ #.............
##......^.....


You could see 4 orbs of fire, an electric golem, 2 shadow dragons, a death cob,
2 quicksilver dragons, 9 Orb Guardians and 2 moths of wrath.

Vanquished Creatures
  2 ancient liches
  A greater mummy (Depths:3)
  Bai Suzhen (Vaults:3)
  2 Killer Klowns
  2 curse toes (Zot:4)
  A caustic shrike (Depths:4)
  18 golden dragons
  3 bone dragons
  Arachne (Spider:3)
  18 tentacled monstrosities
  Rupert (Lair:5)
  2 electric golems
  5 Orb Guardians (Zot:5)
  A deep elf master archer (Elf:3)
  5 titans
  5 quicksilver dragons
  2 deep elf blademasters
  6 liches
  5 sphinxes
  7 death cobs
  5 tentacled starspawn
  Frances (Spider:2)
  Gastronok (D:8)
  18 shadow dragons
  A draconian monk (Depths:5)
  20 storm dragons
  Agnes (Spider:3)
  7 tengu reavers
  A thorn hunter (Lair:4)
  12 deep elf sorcerers
  11 frost giants
  6 fire giants
  12 ghost moths
  A frost giant (shapeshifter) (Vaults:5)
  7 emperor scorpions
  Louise (D:15)
  8 draconian knights
  7 draconian stormcallers
  3 cacodemons
  An orc warlord (Orc:2)
  17 vault wardens
  6 draconian scorchers
  2 draconian shifters
  6 deep elf elementalists (Elf:3)
  12 ironheart preservers
  3 war gargoyles (Vaults:5)
  6 draconian annihilators
  28 very ugly things
  21 stone giants
  3 vampire knights
  5 entropy weavers
  9 yellow draconians
  9 green draconians
  8 deep elf annihilators
  A spark wasp (Depths:4)
  9 deep elf demonologists
  9 black draconians
  A dire elephant (Lair:6)
  15 purple draconians
  12 red draconians
  A minotaur (Gauntlet)
  15 white draconians
  4 mummy priests (Depths:3)
  2 green deaths (Swamp:4)
  Snorg (Orc:1)
  A blizzard demon (Abyss:3)
  A death ooze (Swamp:4)
  An eidolon (Abyss:3)
  8 deep elf death magi
  9 yaktaur captains
  10 ettins
  Erolcha (Orc:2)
  Josephine (Orc:2)
  13 fire dragons
  19 ice dragons
  7 deep elf high priests
  6 great orbs of eyes
  27 vault guards
  Fannar (Lair:3)
  5 spriggan air magi
  20 hydras
  7 centaur warriors
  A shambling mangrove (Swamp:4)
  9 rakshasas
  Harold (D:8)
  A hydra (shapeshifter) (Vaults:5)
  3 hell beasts
  2 ghost crabs
  20 ogre magi
  A death knight (Depths:4)
  A merfolk avatar (Lair:6)
  40 two-headed ogres
  A catoblepas (Lair:6)
  Erica (D:11)
  16 alligators
  30 dancing weapons
  15 death yaks
  4 orc high priests (Orc:2)
  2 vampire magi
  A queen ant (Lair:2)
  5 deep troll shamans
  8 tengu warriors
  2 spriggan berserkers
  5 deep troll earth magi
  14 thrashing horrors
  8 soul eaters
  3 storm dragon zombies (Depths:4)
  27 deep elf knights
  Sonja (Lair:1)
  Urug (Lair:1)
  8 shadow wraiths
  4 sun demons
  14 hell knights
  9 wretched stars
  A spatial maelstrom (Abyss:4)
  4 iron trolls
  A fire crab (shapeshifter) (Vaults:4)
  3 sixfirhies (Abyss:3)
  A spark wasp zombie (D:15)
  21 deep trolls
  4 glowing orange brains
  3 unseen horrors
  4 swamp dragons (Swamp:4)
  4 flayed ghosts
  A glowing orange brain (shapeshifter) (Elf:3)
  A sea snake (Lair:6)
  13 skeletal warriors
  6 wizards
  A spriggan druid (Swamp:3)
  25 deep elf archers
  4 phantasmal warriors
  2 golden dragon skeletons (Depths:4)
  2 lindwurms (shapeshifter)
  18 orc knights
  17 ironbrand convokers
  Pikel (D:3)
  11 necromancers
  A sphinx zombie (Depths:4)
  2 iron dragon zombies
  A harpy (shapeshifter) (Elf:1)
  A shadow dragon skeleton (Depths:4)
  8 orc sorcerers
  50 ugly things
  19 orb spiders
  71 deep elf magi
  A frost giant zombie (Depths:4)
  68 slime creatures
  A worldbinder (Abyss:3)
  A shining eye (Abyss:3)
  3 manticores
  A salamander (Abyss:3)
  37 wolf spiders
  A tengu skeleton (Depths:4)
  35 moths of wrath
  An elephant (shapeshifter) (Depths:1)
  12 cyclopes
  A stone giant skeleton (Vaults:2)
  2 frost giant skeletons
  An iron dragon skeleton (Depths:4)
  3 black mambas
  5 elephants (Lair:6)
  2 spriggan zombies (Depths:4)
  A guardian serpent (shapeshifter) (Vaults:2)
  A guardian serpent (Abyss:3)
  A naga mage (Abyss:3)
  3 apocalypse crabs
  A rust devil (Depths:3)
  11 vault sentinels
  6 smoke demons
  2 fire giant skeletons (Vaults:2)
  An eye of devastation (shapeshifter) (Depths:5)
  2 torpor snails
  5 spectral swamp worms (Depths:3)
  4 orange demons
  24 spiny frogs
  A centaur skeleton (D:13)
  A yaktaur zombie (D:15)
  A hellion (Depths:3)
  2 kobold demonologists (D:15)
  7 rime drakes
  4 efreet
  13 demonic crawlers
  A hellwing (Abyss:3)
  6 tengu conjurers
  4 freezing wraiths
  12 komodo dragons
  60 yaktaurs
  2 yaktaur skeletons (Vaults:2)
  7 ancient zymes
  6 guardian mummies
  5 red devils
  A silent spectre (Abyss:3)
  3 ice devils
  36 jumping spiders
  7 trolls
  16 polar bears
  A meliai (shapeshifter) (Vaults:5)
  A hornet (shapeshifter) (Vaults:5)
  24 raiju
  A wind drake (shapeshifter) (Depths:2)
  20 hornets
  7 tyrant leeches
  11 bog bodies
  Prince Ribbit (D:5)
  9 blink frogs
  11 hippogriffs
  5 dream sheep (Lair:6)
  An ettin zombie (D:15)
  A human simulacrum (Vaults:2)
  4 flying skulls (Abyss:3)
  105 yaks
  7 air elementals
  26 tarantellas
  2 tarantellas (shapeshifter)
  3 water elementals
  17 small abominations
  6 wyverns
  7 ynoxinuls
  2 shadows
  8 wraiths
  A vampire (D:14)
  66 redbacks
  4 spriggans
  22 starcursed masses
  2 fire bats (Abyss:3)
  2 spriggans (shapeshifter)
  A yak (shapeshifter) (Vaults:5)
  Eustachio (D:6)
  5 basilisks
  8 fire elementals
  A human (D:10)
  24 vampire mosquitoes
  2 golden eyes (shapeshifter)
  12 chaos spawn
  5 neqoxecs
  2 hogs (D:10)
  A steam dragon (D:11)
  2 spatial vortices
  18 swamp worms
  7 acid dragons
  A warg (shapeshifter) (Elf:2)
  14 wargs
  7 insubstantial wisps
  7 soldier ants (Lair:2)
  A water moccasin (shapeshifter) (Elf:3)
  18 water moccasins
  A floating eye (Depths:4)
  A floating eye (shapeshifter) (Vaults:4)
  8 porcupines
  Duvessa (D:6)
  23 large abominations
  5 swamp drakes
  A black bear (D:10)
  5 ice beasts
  6 phantoms
  3 slaves
  A sky beast (shapeshifter) (Vaults:5)
  64 orc warriors
  An eye of draining (shapeshifter) (Elf:3)
  4 sky beasts
  A necrophage (D:10)
  8 centaurs
  21 wolves
  38 ogres
  9 boggarts
  5 human skeletons
  11 crocodiles
  An orc skeleton (Vaults:2)
  7 big kobolds
  Blork the orc (D:3)
  2 big kobolds (shapeshifter)
  17 bullfrogs
  A gnoll sergeant (D:9)
  6 earth elementals
  A glowing shapeshifter simulacrum (Vaults:4)
  7 scorpions
  Dowan (D:6)
  An orc simulacrum (Vaults:1)
  20 wights
  5 electric eels
  A howler monkey (D:4)
  14 crimson imps
  2 bullfrog zombies
  3 quasits
  5 centaur zombies
  2 iron imps
  27 orc priests
  2 jellies
  5 hounds
  36 orc wizards
  3 iguanas
  Natasha (thrice) (D:2)
  A hell rat (D:10)
  Terence (D:2)
  27 worker ants
  2 bullfrog simulacra (D:11)
  2 hound skeletons
  A mummy (Depths:3)
  A worker ant zombie (D:7)
  A howler monkey zombie (D:10)
  15 adders
  6 gnolls
  A river rat (D:10)
  5 shadow imps
  A howler monkey simulacrum (D:11)
  11 white imps
  6 ufetubi
  An adder zombie (D:9)
  3 worms
  2 dart slugs
  2 leopard geckos
  114 orcs
  6 bats
  2 giant cockroaches
  8 goblins
  3 hobgoblins
  4 jackals (D:5)
  27 kobolds
  5 quokkas
  2 ball pythons
  7 frilled lizards
  A jackal zombie (D:5)
  A leopard gecko skeleton (D:6)
  2 quokka zombies
  A rat (D:1)
  2 starspawn tentacles (Abyss:4)
2723 creatures vanquished.

Vanquished Creatures (others)
  A deep elf master archer (Elf:3)
  A vampire knight (Depths:1)
  A great orb of eyes (Vaults:5)
  2 thrashing horrors
  A glowing orange brain (Abyss:4)
  2 deep elf magi
  A yaktaur (Vaults:3)
  An ancient zyme (Abyss:4)
  A polar bear (IceCv)
  A raiju (Abyss:3)
  2 yaks (IceCv)
  A spatial vortex (Abyss:3)
  A chaos spawn (Zot:5)
  An orc warrior (Vaults:5)
  A swamp drake (Swamp:1)
  A wolf (IceCv)
  A small abomination (Abyss:4)
  A quasit (Abyss:3)
  A starcursed mass (Abyss:3)
  An adder (D:11)
  2 orcs
  12 fungi
  A lurking horror (Abyss:3)
  16 plants (Lair:6)
  17 starspawn tentacles
  9 withered plants
80 creatures vanquished.

Grand Total: 2803 creatures vanquished

Notes
Turn   | Place    | Note
-------+----------+-------------------------------------------
     0 | D:1      | trudenn the Gargoyle Fighter began the quest for the Orb.
     0 | D:1      | Reached XP level 1. HP: 14/14 MP: 1/1
    72 | D:1      | Reached XP level 2. HP: 19/19 MP: 2/2
   397 | D:2      | Noticed Terence
   411 | D:2      | Killed Terence
   411 | D:2      | Reached XP level 3. HP: 24/24 MP: 3/3
   620 | D:2      | Reached XP level 4. HP: 30/30 MP: 4/4
   651 | D:2      | Noticed Natasha
   667 | D:2      | Killed Natasha
   866 | D:2      | Noticed Natasha
   885 | D:2      | Killed Natasha
   885 | D:2      | Reached XP level 5. HP: 23/34 MP: 5/5
   900 | D:2      | Noticed Natasha
   915 | D:2      | Killed Natasha
   915 | D:2      | Reached skill level 5 in Fighting
   915 | D:2      | Reached skill level 5 in Armour
  1035 | D:3      | Found a blossoming altar of Fedhas.
  1059 | D:3      | Found a shimmering altar of Xom.
  1214 | D:3      | Found a faded altar of an unknown god.
  1381 | D:3      | Found a shattered altar of Ashenzari.
  1803 | D:4      | Noticed Blork the orc
  1803 | D:4      | Noticed a phantom
  1833 | D:3      | Killed a phantom
  1833 | D:3      | Reached XP level 6. HP: 37/41 MP: 6/6
  1846 | D:4      | Noticed a phantom
  1860 | D:3      | Killed Blork the orc
  2007 | D:3      | Killed a phantom
  2007 | D:3      | Reached XP level 7. HP: 24/47 MP: 7/7
  2345 | D:4      | Noticed Pikel
  2402 | D:2      | HP: 2/47 [slave[Pikel] (5)]
  2839 | D:3      | Killed Pikel
  2839 | D:3      | Reached XP level 8. HP: 31/54 MP: 8/8
  3496 | D:4      | Found a staircase to the Ecumenical Temple.
  3650 | D:5      | Entered Level 5 of the Dungeon
  4395 | D:5      | Noticed Prince Ribbit
  4602 | D:5      | Found an ornate altar of the Wu Jian Council.
  4602 | D:5      | Found a basalt altar of Yredelemnul.
  4605 | D:5      | Found a blossoming altar of Fedhas.
  4842 | D:5      | Killed Prince Ribbit
  5103 | D:6      | Reached XP level 9. HP: 52/60 MP: 9/9
  5168 | D:6      | Noticed Dowan
  5188 | D:6      | Killed Dowan
  5238 | D:6      | Found a snail-covered altar of Cheibriados.
  5278 | D:6      | Noticed Duvessa
  5306 | D:6      | Killed Duvessa
  5699 | D:6      | Found an iron altar of Okawaru.
  5706 | D:6      | Reached skill level 10 in Fighting
  5706 | D:6      | Reached skill level 10 in Armour
  5827 | D:6      | Became a worshipper of Warmaster Okawaru
  5920 | D:6      | Noticed Eustachio
  6047 | D:6      | Killed Eustachio
  6118 | D:6      | Found a runed translucent door.
  6119 | D:6      | Noticed Crazy Yiuf
  6152 | D:7      | Found Zoaleown's Jewellery Shop.
  6674 | D:7      | Reached * piety under Okawaru
  6927 | D:7      | Reached XP level 10. HP: 65/69 MP: 10/10
  7163 | D:8      | Noticed Harold
  7284 | D:8      | Killed Harold
  7284 | D:8      | Reached ** piety under Okawaru
  7490 | D:8      | Noticed Gastronok
  7543 | D:8      | Killed Gastronok
  7543 | D:8      | Reached *** piety under Okawaru
  7543 | D:8      | Reached **** piety under Okawaru
  7993 | D:8      | Found a glowing golden altar of the Shining One.
  7997 | D:8      | Found a sparkling altar of Nemelex Xobeh.
  8178 | D:8      | Reached XP level 11. HP: 62/76 MP: 11/11
  8582 | D:9      | Reached skill level 1 in Invocations
  8739 | D:9      | Found a shimmering blue altar of Sif Muna.
  8809 | D:9      | Found Serghez's General Store.
  8815 | D:9      | Bought a scroll of enchant armour for 97 gold pieces
  8894 | D:9      | Found a bloodstained altar of Trog.
  8942 | D:9      | Found a sacrificial altar of Ru.
  8956 | D:9      | Reached ***** piety under Okawaru
  9207 | D:10     | Entered Level 10 of the Dungeon
  9323 | D:10     | Found a staircase to the Orcish Mines.
  9411 | D:10     | Reached skill level 1 in Axes
  9639 | D:10     | Noticed a death yak
  9639 | D:10     | Noticed a death yak
  9646 | D:10     | Noticed a death yak
 10201 | D:10     | Found a staircase to the Lair.
 10403 | D:10     | Killed a death yak
 10403 | D:10     | Received a gift from Okawaru
 11020 | D:11     | Noticed an eight-headed hydra
 11059 | D:11     | Noticed a manticore
 11066 | D:11     | Killed a manticore
 11263 | D:11     | Reached skill level 5 in Invocations
 11387 | D:11     | Found a frozen archway.
 11395 | IceCv    | Entered an ice cave
 11412 | IceCv    | Received a gift from Okawaru
 11428 | IceCv    | Reached XP level 12. HP: 36/84 MP: 15/15
 11628 | IceCv    | Got a shimmering quarterstaff {god gift}
 11753 | IceCv    | Noticed a death yak
 11755 | IceCv    | Noticed a death yak
 11807 | IceCv    | Killed a death yak
 11826 | IceCv    | Killed a death yak
 12538 | IceCv    | Received a gift from Okawaru
 12560 | IceCv    | Reached skill level 5 in Axes
 12807 | IceCv    | Noticed a frost giant
 12807 | IceCv    | Noticed a death yak
 12839 | IceCv    | Killed a death yak
 12861 | IceCv    | Killed a frost giant
 13170 | IceCv    | Identified the Disquisition on Cold
 13182 | IceCv    | Got a twisted shield
 13630 | D:11     | Found an iron altar of Okawaru.
 13727 | D:11     | Reached XP level 13. HP: 89/91 MP: 19/19
 13735 | D:11     | Found Noytreco's Assorted Antiques.
 13735 | D:11     | Noticed Erica
 13764 | D:11     | Killed Erica
 13764 | D:11     | Received a gift from Okawaru
 13764 | D:11     | Reached ****** piety under Okawaru
 13791 | D:11     | Identified the +11 quarterstaff "Paposesi" {elec, rC+}
                  | (Okawaru gifted it to you in an ice cave)
 13917 | D:11     | Reached skill level 1 in Staves
 14471 | D:10     | Identified the +4 shield of Gezurul {rC+ MR+} (You found it
                  | in an ice cave)
 14515 | Lair:1   | Entered Level 1 of the Lair of Beasts
 14521 | Lair:1   | Reached skill level 1 in Evocations
 14648 | Lair:1   | Noticed Sonja
 14662 | Lair:1   | Killed Sonja
 14662 | Lair:1   | Received a gift from Okawaru
 14724 | Lair:1   | Noticed Urug
 14745 | Lair:1   | Killed Urug
 16101 | Lair:3   | Reached skill level 5 in Staves
 16285 | Lair:3   | Found a hole to the Spider Nest.
 16347 | Lair:3   | Reached skill level 15 in Armour
 16439 | Lair:3   | Noticed Fannar
 16459 | Lair:3   | Killed Fannar
 16506 | Lair:3   | Found a shadowy altar of Dithmenos.
 16562 | Lair:3   | Reached skill level 15 in Fighting
 16562 | Lair:3   | Gained mutation: Your large and strong wings let you fly
                  | indefinitely. [Gargoyle growth]
 16562 | Lair:3   | Reached XP level 14. HP: 98/98 MP: 21/21
 16685 | Lair:3   | Received a gift from Okawaru
 16832 | Lair:4   | Reached skill level 10 in Invocations
 17367 | Lair:4   | Found a staircase to the Swamp.
 17428 | Lair:4   | Got a fine chain mail
 17471 | Lair:4   | You fall into a shaft and drop 1 floor!
 17471 | Lair:5   | Noticed Rupert
 17485 | Lair:5   | Killed Rupert
 17988 | Lair:5   | Received a gift from Okawaru
 18676 | Lair:6   | Entered Level 6 of the Lair of Beasts
 18707 | Lair:5   | Reached skill level 1 in Stealth
 18963 | Lair:6   | Reached skill level 5 in Evocations
 19130 | Lair:6   | Found a staircase to the Slime Pits.
 19130 | Lair:6   | Found a viscous altar of Jiyva.
 19157 | Lair:6   | Noticed a dire elephant
 19174 | Lair:6   | Killed a dire elephant
 19274 | Lair:6   | Reached XP level 15. HP: 82/103 MP: 19/23
 19609 | Lair:6   | Received a gift from Okawaru
 21826 | D:12     | Identified a scroll of acquirement
 22074 | Orc:1    | Entered Level 1 of the Orcish Mines
 22176 | Orc:1    | Reached skill level 10 in Staves
 22274 | Orc:1    | You fall into a shaft and drop 1 floor!
 22274 | Orc:2    | Entered Level 2 of the Orcish Mines
 22571 | Orc:1    | Found a roughly hewn altar of Beogh.
 22573 | Orc:1    | Noticed Snorg
 22592 | Orc:1    | Killed Snorg
 22770 | Orc:2    | Received a gift from Okawaru
 22911 | Orc:2    | Noticed Josephine
 22929 | Orc:2    | Killed Josephine
 22961 | Orc:2    | Noticed Erolcha
 22973 | Orc:2    | Found Othrimax's Antique Weapon Shop.
 22977 | Orc:2    | Killed Erolcha
 22996 | Orc:2    | Found a staircase to the Elven Halls.
 23263 | Orc:2    | Noticed an orc warlord
 23270 | Orc:2    | Received a gift from Okawaru
 23285 | Orc:2    | Reached XP level 16. HP: 51/110 MP: 3/24
 23666 | Orc:2    | Found Juatoj's Antique Armour Emporium.
 23667 | Orc:2    | Found Lioheujo's Antique Weapon Emporium.
 23670 | Orc:2    | Found Hyuhosum's General Store.
 23670 | Orc:2    | Found Itefeir's Jewellery Shoppe.
 23727 | Orc:2    | Bought a potion of curing for 45 gold pieces
 23727 | Orc:2    | Bought 2 potions of ambrosia for 240 gold pieces
 24225 | D:13     | Found a gate to the Vaults.
 24632 | D:13     | Found a gate leading to a gauntlet.
 24641 | Gauntlet | Entered a Gauntlet
 24641 | Gauntlet | Found a transporter.
 24641 | Gauntlet | Found a transporter.
 24641 | Gauntlet | Found a transporter.
 24665 | Gauntlet | Found a transporter.
 24678 | Gauntlet | Found a transporter.
 24681 | Gauntlet | Found a transporter.
 24694 | Gauntlet | Found a transporter.
 24707 | Gauntlet | Found a transporter.
 24711 | Gauntlet | Found a transporter.
 24714 | Gauntlet | Found a transporter.
 24722 | Gauntlet | Found a transporter.
 24725 | Gauntlet | Found a transporter.
 24861 | Gauntlet | Received a gift from Okawaru
 24869 | Gauntlet | Got a pair of heavily runed gloves {god gift}
 24880 | Gauntlet | Identified the +2 pair of gloves "Naeruth" {*Corrode rF+
                  | rC++} (Okawaru gifted it to you in a Gauntlet)
 26104 | D:14     | Found Tepnefuth's Gadget Emporium.
 26180 | D:15     | Entered Level 15 of the Dungeon
 26351 | D:15     | Found a staircase to the Depths.
 26623 | D:15     | Noticed Louise
 26649 | D:15     | Killed Louise
 27442 | D:15     | Found Hibukass's Jewellery Emporium.
 27530 | D:15     | Identified Roxanne's Disquisition on Shape Shifting
 27530 | D:15     | Noticed Roxanne
 28369 | Swamp:1  | Entered Level 1 of the Swamp
 28370 | Swamp:1  | Noticed a thorn hunter
 28391 | Lair:4   | Killed a thorn hunter
 28391 | Lair:4   | Received a gift from Okawaru
 28713 | Swamp:1  | Reached XP level 17. HP: 107/116 MP: 22/25
 30038 | Swamp:2  | Identified Etofadgh's Incunabulum of Cankerous Feathers
 31555 | Swamp:4  | Entered Level 4 of the Swamp
 31820 | Swamp:4  | Got a wavering tin amulet
 31821 | Swamp:4  | Identified the amulet of Fajuotwi {Reflect Fragile Dex+6
                  | SH+2} (You found it on level 4 of the Swamp)
 32318 | Swamp:4  | Received a gift from Okawaru
 32714 | Swamp:4  | Got a decaying rune of Zot
 32826 | Swamp:4  | Reached XP level 18. HP: 105/124 MP: 22/26
 33414 | Spider:1 | Entered Level 1 of the Spider Nest
 33942 | Spider:1 | Reached skill level 10 in Evocations
 34368 | Spider:2 | Received a gift from Okawaru
 34373 | Spider:2 | Noticed Frances
 34395 | Spider:2 | Killed Frances
 34800 | Spider:2 | Reached skill level 15 in Staves
 35433 | Spider:3 | Noticed Agnes
 35455 | Spider:3 | Killed Agnes
 35659 | Spider:3 | Received a gift from Okawaru
 36349 | Spider:3 | Noticed Arachne
 36377 | Spider:3 | Killed Arachne
 36592 | Spider:4 | Entered Level 4 of the Spider Nest
 37329 | Spider:4 | Reached XP level 19. HP: 105/130 MP: 25/27
 38059 | Spider:4 | Got a gossamer rune of Zot
 38237 | Spider:4 | Received a gift from Okawaru
 39039 | D:9      | Bought a scroll of teleportation for 39 gold pieces
 39266 | Vaults:1 | Entered Level 1 of the Vaults
 40059 | Vaults:1 | Reached skill level 1 in Dodging
 41082 | Vaults:1 | Received a gift from Okawaru
 41097 | Vaults:1 | Got a garnet-studded ring mail {god gift}
 41108 | Vaults:1 | Identified the +7 ring mail of Fuirrena {rPois rF+ Dex+2
                  | Stlth+} (Okawaru gifted it to you on level 1 of the Vaults)
 41959 | Vaults:1 | Reached XP level 20. HP: 85/139 MP: 19/28
 42391 | Vaults:1 | Got an ancient quarterstaff
 42392 | Vaults:1 | Identified the +6 quarterstaff "Mabenac" {freeze, Int+3}
                  | (You found it on level 1 of the Vaults)
 43677 | Vaults:2 | Reached skill level 5 in Dodging
 43969 | Vaults:2 | Identified the ring of Qeah {+Fly rPois Str-2 Dex+4}
 44859 | D:7      | Bought an uncursed ring of see invisible for 240 gold
                  | pieces
 45477 | Vaults:2 | Received a gift from Okawaru
 45792 | Vaults:2 | Found a staircase to the Crypt.
 46749 | Vaults:3 | Noticed Bai Suzhen
 46773 | Vaults:3 | Killed Bai Suzhen
 47277 | Vaults:3 | Found Gomufig's Food Shop.
 47649 | Vaults:3 | Bought a ration for 65 gold pieces
 47649 | Vaults:3 | Bought a ration for 65 gold pieces
 47649 | Vaults:3 | Bought a ration for 65 gold pieces
 47649 | Vaults:3 | Bought a ration for 65 gold pieces
 47649 | Vaults:3 | Bought a ration for 65 gold pieces
 47649 | Vaults:3 | Bought a ration for 65 gold pieces
 47649 | Vaults:3 | Bought a ration for 65 gold pieces
 47649 | Vaults:3 | Bought a ration for 65 gold pieces
 47649 | Vaults:3 | Bought a ration for 65 gold pieces
 48475 | Vaults:3 | Received a gift from Okawaru
 48938 | Vaults:4 | Reached XP level 21. HP: 146/146 MP: 29/29
 49647 | Vaults:4 | Paralysed by a floating eye for 2 turns
 49710 | Vaults:4 | Received a gift from Okawaru
 51565 | Elf:1    | Entered Level 1 of the Elven Halls
 52369 | Elf:1    | Got a fabulously ornate robe
 52380 | Elf:1    | Identified the cursed +1 robe of Light {rF+ Regen+ Int-2
                  | Dex+4} (You found it on level 1 of the Elven Halls)
 53098 | Elf:1    | Received a gift from Okawaru
 53392 | Elf:1    | Got an ichor-stained quarterstaff {god gift}
 53393 | Elf:1    | Identified the +1 quarterstaff of Vamer {flame, SInv}
                  | (Okawaru gifted it to you on level 1 of the Elven Halls)
 53527 | Elf:1    | Found Zunwut's Armour Shop.
 53558 | Elf:1    | Bought the +2 hat of the Bear Spirit {Spirit, +Rage rN+
                  | MR++} for 469 gold pieces
 53558 | Elf:1    | Found the +2 hat of the Bear Spirit {Spirit, +Rage rN+
                  | MR++}
 54331 | Elf:2    | Found a runed translucent gate.
 54331 | Elf:2    | Found a runed translucent gate.
 54331 | Elf:2    | Found a runed translucent gate.
 54811 | Elf:2    | Reached XP level 22. HP: 155/155 MP: 30/30
 55257 | Elf:3    | Entered Level 3 of the Elven Halls
 55380 | Elf:3    | Found the +2 robe of Vines {NoPotionHeal Regen+7}
 55414 | Elf:3    | Reached skill level 10 in Dodging
 55424 | Elf:3    | Received a gift from Okawaru
 55522 | Elf:3    | Got a smoking ring mail {god gift}
 55533 | Elf:3    | Identified the +4 ring mail of Egalitarianism {rF+}
                  | (Okawaru gifted it to you on level 3 of the Elven Halls)
 57409 | Elf:3    | Identified the +0 buckler "Nailof" {Str+5 Int-2 Dex+3}
 57453 | Elf:3    | Identified the +5 robe of Eriutt {rPois Str+2}
 57522 | Elf:3    | Identified the Papyrus of Shifting Flight
 57612 | Elf:3    | Received a gift from Okawaru
 57776 | Elf:3    | Got a fine hand axe {god gift}
 57777 | Elf:3    | Identified the +7 hand axe "Impslayer" {drain, rElec rPois
                  | rC++} (Okawaru gifted it to you on level 3 of the Elven
                  | Halls)
 57857 | Elf:3    | Got a dazzling whip
 57858 | Elf:3    | Identified the cursed +2 whip of Xischafoe {vamp, Fragile
                  | +Fly rC+++ Str-3} (You found it on level 3 of the Elven
                  | Halls)
 57875 | Elf:3    | Got a translucent mace
 57878 | Elf:3    | Identified the +7 mace of Somewhere Else {freeze, Int+4
                  | Stlth-} (You found it on level 3 of the Elven Halls)
 57886 | Elf:3    | Got a brightly glowing pewter ring
 57888 | Elf:3    | Identified the ring "Odghopsy" {rPois rC+ rN++ Slay+4} (You
                  | found it on level 3 of the Elven Halls)
 58531 | Depths:1 | Entered Level 1 of the Depths
 58671 | Depths:1 | Found a one-way gate to the infinite horrors of the Abyss.
 58778 | Depths:1 | Reached XP level 23. HP: 157/162 MP: 31/31
 58873 | Depths:1 | Found the +2 Maxwell's thermic engine {flame, freeze}
 58947 | Depths:1 | Received a gift from Okawaru
 59388 | Depths:1 | Identified the +11 lajatang of Chaos {slice, +Rage rC+
                  | Stlth+}
 59415 | Depths:1 | Found a gateway to Hell.
 59474 | Depths:1 | Found a portal to a secret trove of treasure.
 59734 | Orc:2    | Bought a runed demon blade for 594 gold pieces
 59983 | Depths:1 | Found Fainulea's Distillery.
 59991 | Depths:1 | Bought a potion of curing for 51 gold pieces
 59991 | Depths:1 | Bought a potion of curing for 51 gold pieces
 59991 | Depths:1 | Bought a potion of curing for 51 gold pieces
 60046 | Depths:1 | You paid a toll of a +5 demon blade to enter a treasure
                  | trove
 60047 | Trove    | Entered a treasure trove
 60056 | Trove    | Got a fine lajatang
 60088 | Depths:1 | Identified the +8 lajatang of Entrepreneurial Spirit
                  | {slice, Dex+2} (You found it in a treasure trove)
 61525 | Depths:2 | Received a gift from Okawaru
 62084 | Depths:2 | Got a pair of faintly glowing boots {god gift}
 62090 | Depths:2 | Identified the +0 pair of boots of Zisik {rC+ Int+4}
                  | (Okawaru gifted it to you on level 2 of the Depths)
 62113 | Depths:2 | Noticed a golden dragon
 62152 | Depths:2 | Killed a golden dragon
 62861 | Depths:3 | Found a one-way gate leading to the halls of Pandemonium.
 63206 | Depths:3 | Noticed a greater mummy
 63226 | Depths:3 | Killed a greater mummy
 63226 | Depths:3 | Reached XP level 24. HP: 87/171 MP: 16/32
 63488 | Depths:3 | Identified the Catalogue of Confrontation
 63841 | Depths:4 | Found Adehaes's General Store.
 64030 | Depths:4 | Received a gift from Okawaru
 64105 | Depths:4 | Found a gateway to a ziggurat.
 64674 | Depths:4 | Paralysed by a floating eye for 2 turns
 64707 | Depths:4 | Noticed a caustic shrike
 64733 | Depths:4 | Killed a caustic shrike
 65413 | Depths:4 | Noticed an ancient lich
 65499 | Depths:4 | Killed an ancient lich
 65499 | Depths:4 | Received a gift from Okawaru
 65591 | Depths:4 | Identified the Volume of Evil
 65825 | Depths:4 | You fall into a shaft and drop 1 floor!
 65825 | Depths:5 | Entered Level 5 of the Depths
 65855 | Depths:5 | Reached XP level 25. HP: 180/180 MP: 33/33
 66213 | Depths:5 | Received a gift from Okawaru
 67148 | Depths:5 | Reached skill level 15 in Invocations
 67280 | Depths:5 | Found a gate to the Realm of Zot.
 68387 | Vaults:5 | Entered Level 5 of the Vaults
 68712 | Vaults:5 | Received a gift from Okawaru
 69421 | Vaults:5 | Received a gift from Okawaru
 69662 | Vaults:5 | Identified the +2 long sword of Crusades {freeze, rElec}
 69694 | Vaults:5 | Reached XP level 26. HP: 157/188 MP: 31/34
 69700 | Vaults:5 | Identified the cursed +2 hand crossbow of the Desolation of
                  | Salt {flame, MR+}
 69872 | Vaults:5 | Identified the +8 glaive of Ysmon {drain, *Corrode MR+
                  | Int+6 Dex+4}
 69903 | Vaults:5 | Identified the +10 bardiche of Jureiluo {venom, rN+ Str+2
                  | Int+3}
 69904 | Vaults:5 | Identified the ring "Tirac" {Wiz Int+4}
 69954 | Vaults:5 | Noticed an ancient lich
 69960 | Vaults:5 | Killed an ancient lich
 70420 | Vaults:5 | Received a gift from Okawaru
 70516 | Vaults:5 | Got a polished halberd {god gift}
 70517 | Vaults:5 | Identified the +3 halberd of Capital Punishment {drain,
                  | *Contam Dex+6} (Okawaru gifted it to you on level 5 of the
                  | Vaults)
 70565 | Vaults:5 | Gained mutation: You can translocate small distances at
                  | will. [mutagenic glow]
 71539 | Vaults:5 | Got a silver rune of Zot
 72090 | D:14     | Bought a wand of digging (5) for 306 gold pieces
 72349 | Zot:1    | Entered Level 1 of the Realm of Zot
 72801 | Depths:5 | Received a gift from Okawaru
 73327 | Zot:1    | Reached XP level 27. HP: 186/197 MP: 32/34
 73528 | Zot:1    | Received a gift from Okawaru
 73793 | Zot:1    | Reached skill level 27 in Fighting
 74891 | Zot:2    | Received a gift from Okawaru
 75136 | Zot:2    | Reached skill level 27 in Armour
 77314 | Zot:3    | Received a gift from Okawaru
 78203 | Zot:4    | Reached skill level 15 in Dodging
 78622 | Zot:4    | Received a gift from Okawaru
 79060 | Zot:4    | Received a gift from Okawaru
 79847 | Zot:5    | Entered Level 5 of the Realm of Zot
 80186 | Zot:5    | Found a runed translucent gate.
 80186 | Zot:5    | Noticed 2FriedEggs's ghost (legendary NaFi)
 80319 | Zot:5    | Found a runed translucent gate.
 80320 | Zot:5    | Found a runed translucent gate.
 80320 | Zot:5    | Noticed Spacechess's ghost (legendary DsMo)
 80320 | Zot:5    | Noticed Paroid's ghost (master MfMo)
 80321 | Zot:5    | Noticed Badplus017's ghost (legendary MiBe)
 80625 | Zot:5    | Cast into level 3 of the Abyss (yellow draconian)
 80856 | Abyss:3  | Paralysed by accursed screaming for 1 turns
 80888 | Abyss:3  | Paralysed by accursed screaming for 1 turns
 81000 | Abyss:3  | Gained mutation: Scrolls take you a little longer to read.
                  | [a neqoxec]
 81623 | Abyss:3  | Found a corrupted altar of Lugonu.
 81643 | Abyss:3  | Paralysed by accursed screaming for 1 turns
 81650 | Abyss:3  | Paralysed by accursed screaming for 2 turns
 81657 | Abyss:3  | Paralysed by accursed screaming for 2 turns
 81663 | Abyss:3  | Paralysed by accursed screaming for 1 turns
 81988 | Abyss:3  | Lost mutation: Scrolls take you longer to read. [a neqoxec]
 82045 | Abyss:3  | Received a gift from Okawaru
 82174 | Abyss:3  | Paralysed by accursed screaming for 1 turns
 82706 | Abyss:3  | Gained mutation: Scrolls take you a little longer to read.
                  | [a cacodemon]
 82778 | Abyss:3  | Gained mutation: Your body sometimes deteriorates upon
                  | taking damage. [a shining eye]
 83593 | Abyss:4  | Found a shimmering blue altar of Sif Muna.
 83593 | Abyss:4  | Found a corrupted altar of Lugonu.
 83727 | Abyss:4  | Found a corrupted altar of Lugonu.
 84054 | Zot:5    | Escaped the Abyss
 84074 | Zot:5    | Noticed an orb of fire
 84074 | Zot:5    | Noticed an orb of fire
 84076 | Zot:5    | Noticed an orb of fire
 84078 | Zot:5    | Noticed an orb of fire
 84083 | Zot:5    | Gained mutation: You are clumsy. (Dex -2) [an orb of fire]
 84092 | Zot:5    | Gained mutation: Armour fits poorly on your strangely
                  | shaped body. [an orb of fire]
 84093 | Zot:5    | Gained mutation: You are very clumsy. (Dex -4) [an orb of
                  | fire]
 84096 | Zot:5    | Gained mutation: Your movements are slightly less
                  | encumbered by armour. (ER -2) [an orb of fire]
 84098 | Zot:5    | HP: 6/199 [Orb Guardian (15)]
 84099 | Zot:5    | Slain by an Orb Guardian

Levels and vault maps discovered:
D:1:      scummos_arrival_simple_fountains, layout_rooms
D:2:      layout_rooms, uniq_terence, uniq_natasha
D:3:      layout_loops_ring, nicolae_overflow_crystal_walls,
          overflow_temple_1_default, first_ration,
          chequers_ecumenical_altar_simple_redux, fedhas_ov_isle_minmay
D:4:      layout_cave_pods, minmay_temple_entry_enclosed_plants,
          uniq_blork_the_orc, uniq_pikel
D:5:      layout_loops_corners, nicolae_overflow_hidden_temple, minivault_5,
          uniq_prince_ribbit1
D:6:      layout_cave_pools, overflow_temple_1_default, cheibrodos_worm_habitat,
          uniq_duvessa, uniq_eustachio, uniq_crazy_yiuf_cottage
D:7:      layout_gridville, serial_shops, shop, minmay_misc_feat_doors
D:8:      layout_loops_ring, grunt_temple_overflow_open, uniq_gastronok,
          uniq_harold
D:9:      layout_basic, kennysheep_mini, old_standard_altar, old_standard_altar,
          serial_shops, shop_fountains, kennysheep_generic_room_5
D:10:     layout_roguey, dpeg_lair_monsters, david_orc_1_choice, grunt_livestock
D:11:     layout_roguey, serial_ice, serial_ice_g, serial_ice_m, serial_ice_n,
          serial_ice_k, serial_ice_c, serial_ice_h,
          portal_ice_cave_entry_pillars_1, serial_shops,
          nicolae_shop_statue_plus, basic_altar, bh_walls_and_bars, uniq_erica
D:12:     layout_stronghold, chequers_serial_rivers_micro_b
D:13:     cheibrodos_quadrivalence, layout_rooms, gauntlet_entry_generic,
          nrook_loot_triangle, roderic_roman_lattice, kennysheep_generic_room_11
D:14:     layout_roguey, serial_shops, nicolae_shop_waterfront,
          kennysheep_path_1
D:15:     gammafunk_depths_entry_grave, layout_long_grid, serial_shops,
          nicolae_shop_stone, glass_columns_a, chequers_serial_rivers_micro_e,
          nicolae_lava_and_water, uniq_louise, uniq_roxanne
Lair:1:   layout_long_grid, nicolae_quartered_pool_little, lemuel_fruit_tree,
          uniq_urug, uniq_sonja
Lair:2:   statuecave_lemuel, layout_loops_ring, chequers_serial_rivers_room_b,
          chequers_serial_rivers_micro_d, minivault_26, minmay_another_anthill
Lair:3:   layout_gridlike, spider_nest_entry_web_field, lemuel_oklob_altar,
          uniq_fannar
Lair:4:   layout_loops_ring, palyth_hydra_swamp_entry, grunt_megastairs_1,
          minmay_lair_oklob_chamber, infiniplex_staircase_pool
Lair:5:   layout_gridlike, serial_rivers, chequers_serial_rivers_micro_c,
          chequers_serial_rivers_large_b, chequers_serial_rivers_room_a,
          chequers_serial_rivers_micro_b, chequers_serial_rivers_large_a,
          chequers_serial_rivers_micro_a, uniq_rupert
Lair:6:   gammafunk_lair_ancient_temple, layout_long_grid, slime_altar_1,
          bobbens_ice_dragon_lair
Swamp:1:  layout_basic_swamp, serial_swamp_ruin, evilmike_swamp_ruin_rubble_1,
          evilmike_swamp_ruin_house_1, evilmike_swamp_ruin_house_3
Swamp:2:  layout_basic_swamp, evilmike_swamp_ruin_house_5
Swamp:3:  layout_falls_marsh, evilmike_swamp_ruin_house_2
Swamp:4:  swamp_vile, layout_basic_swamp
Spider:1: layout_spider_delve
Spider:2: layout_spider_delve, uniq_frances
Spider:3: layout_spider_delve, hangedman_spider_tarantella_strand, uniq_agnes,
          uniq_arachne
Spider:4: guppyfry_spider_rune
Orc:1:    layout_caves, basic_altar, nicolae_orc_tapped_out, uniq_snorg
Orc:2:    st_orc_congregation, layout_caves, serial_shops,
          nicolae_shop_overgrown_old_shop, uniq_josephine, uniq_erolcha
Elf:1:    elf_arrival_001, layout_loops_corners, serial_shops, shop,
          evilmike_minifort
Elf:2:    layout_gridlike, serial_glass, glass_columns_b, glass_columns_a
Elf:3:    minmay_elf_hall_four_x, layout_geoelf_diagonals,
          minmay_the_grid_square_5x5_3x3_mashed
          [minmay_the_grid_square_5x5_almost_minimal,
          minmay_the_grid_square_5x5_fat_x, minmay_the_grid_square_5x5_minibox,
          minmay_the_grid_square_5x5_three_walls,
          minmay_the_grid_square_5x5_megaprize_diamond,
          minmay_the_grid_square_5x5_minimal, minmay_the_grid_square_5x5_spiral,
          minmay_the_grid_square_5x5_checkered_statues,
          minmay_the_grid_square_5x5_fancy_junction]
Vaults:1: v_misc_15, hangedman_vaults_impose, v_pattern_4,
          ontoclasm_vaults_chip, hangedman_vaults_stitches, v_alt_pattern_1,
          v_rooms_6, v_misc_11, nicolae_vaults_inception_statues,
          nicolae_vaults_arrows, layout_vaults_omnibox
Vaults:2: v_misc_23, vaults_mumra_minichess,
          hangedman_vaults_stretched_pinwheel, v_misc_12,
          nicolae_vaults_ninety_degrees, minmay_crypt_entry_skeletal_spiral,
          vaults_standard_mumra_x, ontoclasm_vaults_ring_small,
          nicolae_vaults_mini_display_case, nicolae_vaults_shelves_hall,
          vaults_room_corners, ontoclasm_vaults_ring_square,
          ontoclasm_vaults_shuriken, layout_vaults_omnicross
Vaults:3: ontoclasm_vaults_ring_large, vaults_room_octagon,
          ontoclasm_vaults_chip, v_misc_26, hangedman_vaults_stretched_pinwheel,
          nicolae_vaults_asterisk, layout_vaults_quadrants, serial_shops,
          nicolae_shop_crystal, uniq_bai_suzhen
Vaults:4: nicolae_vaults_rhombus_7, v_rooms_2, hangedman_vaults_capsules,
          vaults_mumra_hexcomb, v_misc_25, serial_ice_m,
          nicolae_vaults_border_crossing, layout_vaults_chaotic_city
Vaults:5: serial_shops
Depths:1: layout_big_octagon, enter_trove_1, abyss_entry, serial_shops, shop,
          grunt_hell_entry_demonic_statue, minmay_alternating_orb
Depths:2: thingy_vault, layout_gridlike, pf_vacation_house_of_asmodeus,
          serial_co_window_serial, co_window_paths_b,
          co_window_of_opportunity_a, co_window_of_opportunity_a,
          co_window_paths_a, co_window_paths_b, co_window_broadway_c,
          co_window_corner_b, co_window_corner_ca, co_window_corner_b
Depths:3: ragdoll_tomb_raider, layout_honeycomb, pf_hell_entry_tar_river,
          rand_demon_pan_entry_4, minmay_misc_feat_columns
Depths:4: evilmike_diamond_1, layout_basic, enter_ziggurat_d, serial_shops,
          shop, special_room [special_room_morgue], hell_entry, abyss_entry,
          chequers_serial_rivers_small_a, grunt_megastairs_5,
          minmay_staircase_windowed_small, serial_bayou_shore_b
Depths:5: evilmike_zot_entry_argh, layout_basic, chequers_serial_rivers_micro_a,
          hangedman_abyss_entry_splay, grunt_hell_entry_dis_mu
Zot:1:    layout_cathedral_of_symmetry
Zot:2:    layout_gridlike, zot_minivault_1
Zot:3:    layout_misc_corridors, st_small_dragon_hoard_3,
          lemuel_baited_zot_trap, lemuel_elevator
Zot:4:    layout_basic, st_stairs_4, hangedman_elemental_corridor
Zot:5:    layout_basic, gammafunk_ghost_cemetery

Skill      XL: |  1  2  3  4  5  6  7  8  9 10 11 12 13 14 15 16 17 18 19 20 21 22 23 24 25 26 27 |
---------------+----------------------------------------------------------------------------------+-----
Fighting       | 4 5 6 7 9 11 12 13 14 15 16 17 18 19 20 21 22 23 24 25 26 27 | 27.0
Armour         | 4 5 6 7 9 11 12 13 14 15 16 17 18 19 20 21 22 23 24 25 27 | 27.0
Invocations    | 5 8 9 10 11 13 14 15 | 15.0
Axes           | 3 5 6 |  6.0
Staves         | 5 8 11 12 14 15 16 | 16.5
Evocations     | 3 5 6 8 9 10 11 12 13 14 | 14.4
Stealth        | 2 3 |  3.0
Dodging        | 4 7 9 11 19 | 19.0
Maces & Flails | |  2.0
Shields        | |  3.2

Action                   |  1- 3 |  4- 6 |  7- 9 | 10-12 | 13-15 | 16-18 | 19-21 | 22-24 | 25-27 || total
-------------------------+-------+-------+-------+-------+-------+-------+-------+-------+-------++-------
Melee: Flail             |    99 |   213 |   376 |       |       |       |       |       |       ||   688
       Short sword       |       |       |   153 |   646 |    17 |       |       |       |       ||   816
       Battleaxe         |       |       |       |   311 |       |       |       |       |       ||   311
       Punch             |       |       |       |     6 |       |       |       |       |       ||     6
       Quarterstaff      |       |       |       |       |  1335 |  2123 |  2026 |   799 |       ||  6283
       Staff             |       |       |       |       |    15 |       |       |       |       ||    15
       Executioner's axe |       |       |       |       |       |    15 |       |       |       ||    15
       Lajatang          |       |       |       |       |       |       |       |   927 |  2499 ||  3426
Invok: Heroism           |       |       |       |    12 |    11 |    11 |    16 |    11 |    12 ||    73
       Finesse           |       |       |       |     3 |     4 |     5 |     7 |     4 |     4 ||    27
 Abil: Fly               |       |       |       |       |     2 |     5 |     2 |       |     2 ||    11
       Stop Flying       |       |       |       |       |     2 |     5 |     2 |       |     2 ||    11
Evoke: Wand              |       |       |       |       |       |       |       |       |     6 ||     6
  Use: Scroll            |       |       |     5 |     8 |    23 |     3 |    11 |    14 |    21 ||    85
       Potion            |       |       |     2 |     4 |     3 |     2 |     4 |     3 |    16 ||    34
 Stab: Sleeping          |       |       |       |       |       |       |     3 |       |       ||     3
       Held in net/web   |       |       |       |       |       |       |     1 |       |       ||     1
       Distracted        |       |       |       |       |       |       |     1 |       |       ||     1
       Confused          |       |       |       |       |       |       |       |       |     2 ||     2
       Paralysed         |       |       |       |       |       |       |       |       |     1 ||     1
  Eat: Ration            |       |     2 |     5 |     7 |     9 |    14 |    17 |    11 |    17 ||    82
Armor: Scale mail        |     2 |       |       |       |       |       |       |       |       ||     2
       Storm dragon scal |    48 |   126 |   446 |   868 |    98 |       |       |       |       ||  1586
       Crystal plate arm |       |       |       |       |   998 |  2324 |  1229 |   694 |       ||  5245
       Plate armour      |       |       |       |       |   164 |       |       |       |       ||   164
       Ring mail         |       |       |       |       |    89 |       |       |       |       ||    89
       Skin              |       |       |       |       |       |       |   111 |       |       ||   111
       Gold dragon scale |       |       |       |       |       |       |       |   432 |  2273 ||  2705
Dodge: Dodged            |    15 |    52 |   150 |   474 |   614 |   694 |   801 |   832 |  2072 ||  5704
Block: Shield            |    50 |    90 |   288 |    82 |       |       |       |       |       ||   510
       Other             |       |       |       |       |       |    62 |    91 |    90 |   158 ||   401
       Reflection        |       |       |       |       |       |     1 |     6 |     5 |     4 ||    16
